 Dungeon Crawl Stone Soup version 0.21.1-1-g345015fe64 (webtiles) character file.

3588 overlord24 the Grappler (level 9, -2/71 HPs)
             Began as a Demonspawn Berserker on June 2, 2018.
             Was an Elder of Trog.
             Shot with an arrow by a centaur (8 damage)
             ... on level 9 of the Dungeon.
             The game lasted 00:54:03 (8477 turns).

overlord24 the Grappler (Demonspawn Berserker)      Turns: 8477, Time: 00:54:08

Health: -2/71      AC:  7    Str: 20    XL:     9   Next: 85%
Magic:  0/9        EV: 15    Int:  9    God:    Trog [****..]
Gold:   321        SH:  0    Dex: 13    Spells: 8/8 levels left

rFire    . . .     SeeInvis .   D - +2 short sword (freeze)
rCold    . . .     Gourm    .   (no shield)
rNeg     . . .     Faith    .   G - +0 leather armour
rPois    .         Spirit   +   (helmet restricted)
rElec    .         Reflect  .   (no cloak)
rCorr    .         Harm     .   t - +0 pair of gloves
MR       ++...     Rnd*Tele +   (no boots)
Stlth    ++........             j - amulet of regeneration
HPRegen  1.61/turn              h - ring of teleportation
MPRegen  0.11/turn              y - ring of flight

@: berserk cooldown, regenerating, slowed, very slow
A: horns 2, molten scales 2, magic shield, rot immunity
a: Berserk, Trog's Hand, Brothers in Arms, Burn Spellbooks, Renounce Religion,
Evoke Flight


You were on level 9 of the Dungeon.
You worshipped Trog.
Trog was greatly pleased with you.
You were not hungry.

You visited 2 branches of the dungeon, and saw 10 of its levels.

You collected 321 gold pieces.

Inventory:

Hand Weapons
 f - a -2 spear
 D - a +2 short sword of freezing (weapon)
 E - a +4 mace
 J - a +1 dagger of venom
 L - a +0 dagger of venom
Missiles
 K - 7 curare-tipped needles
Armour
 a - a +0 animal skin
 t - a +0 pair of gloves (worn)
 G - a +0 leather armour (worn)
Jewellery
 h - a ring of teleportation (left hand)
 j - an amulet of regeneration (around neck)
 s - a cursed amulet of inaccuracy {unknown}
 u - an uncursed amulet of rage {unknown}
 y - a ring of flight (right hand)
 F - a cursed -2 ring of intelligence {unknown}
Wands
 B - a wand of iceblast (5)
 C - a wand of paralysis (17)
 H - a wand of random effects (15)
Scrolls
 c - 6 scrolls of identify
 d - 3 scrolls of fog
 e - 3 scrolls of enchant weapon
 g - 4 scrolls of remove curse
 k - 2 scrolls of blinking {unknown}
 m - 4 scrolls of fear {unknown}
 p - 3 scrolls of teleportation {unknown}
 r - 2 scrolls of immolation {unknown}
 v - 2 scrolls of amnesia {unknown}
 z - a scroll of random uselessness {unknown}
 A - a scroll of silence {unknown}
 I - a scroll of enchant armour {unknown}
Potions
 i - a potion of magic {unknown}
 l - a potion of flight {unknown}
 n - 3 potions of agility {unknown}
 o - 2 potions of brilliance {unknown}
 q - a potion of cancellation {unknown}
 w - 2 potions of degeneration {unknown}
 x - a potion of heal wounds {unknown}
Comestibles
 b - 16 rations


   Skills:
 + Level 6.4 Fighting
 + Level 4.0 Short Blades
 + Level 0.5 Maces & Flails
 + Level 3.7 Polearms
 - Level 1.8 Armour
 + Level 6.3 Dodging
 + Level 2.1 Stealth
 * Level 8.4 Unarmed Combat


You had 8 spell levels left.
You didn't know any spells.

Dungeon Overview and Level Annotations

Branches:
Dungeon (9/15)             Temple (1/1) D:6
   Lair: D:8-11         Orc: D:9-12

Altars:
Elyvilon
Fedhas
Gozag
Trog
Vehumet
Yredelemnul

Annotations:
D:6 1 runed door


Innate Abilities, Weirdness & Mutations

You have a pair of horns on your head.
You are mostly covered in molten scales. (AC +3)
When hurt, damage is shared between your health and your magic reserves.
You are immune to rotting.


Message History

The arrow hits you.
* * * LOW HITPOINT WARNING * * *
Things that are here:
an arrow; 14 gold pieces Your ogre hits Maurice with a giant spiked club!!!
The centaur barely misses your ogre.
Maurice hits your ogre with a short sword.
Your ogre dies!
Your ogre's corpse disappears in a puff of smoke!
The centaur shoots an arrow.
The arrow hits you!
* * * LOW HITPOINT WARNING * * *
You see here an arrow.
You're still recovering from your berserk rage.
You hit Maurice. You freeze Maurice.
You kill Maurice!
Trog accepts your kill.
Trog appreciates your killing of a magic user.
Your Short Blades skill increases to level 4!
The centaur shoots an arrow.
The arrow hits you!
You die...

... #######................
.... #..........#####.
.....#########..........#
#.
........................#
#.
........((................
..
.........##########........
.
....)....##########..######
.....................#
...(.....c§.)@.......
........()(..........
####..######..####### #..
#..... .. ....... ..
.....### ## .....# ......#


You could see a centaur.

Vanquished Creatures
  Maurice (D:9)
  Psyche (D:9)
  The ghost of Delanovic the Chopper, an amateur DsGl (D:4)
  Grinder (D:3)
  A spriggan (D:8)
  An ogre (D:5)
  A phantom (D:4)
  2 centaurs
  A big kobold (D:8)
  3 bullfrogs (D:8)
  10 killer bees
  5 wights (D:7)
  A quasit (D:8)
  A gnoll shaman (D:8)
  A jelly (D:7)
  4 hounds
  A centaur skeleton (D:6)
  An orc priest (D:4)
  2 bullfrog skeletons
  An iguana (D:5)
  5 orc wizards
  4 worker ants
  A howler monkey zombie (D:5)
  2 worker ant zombies
  Robin (D:2)
  A howler monkey skeleton (D:5)
  7 adders
  3 gnolls (D:8)
  A shadow imp (D:5)
  An ooze (D:2)
  An adder zombie (D:5)
  4 worms
  A dart slug (D:3)
  3 leopard geckos
  19 orcs
  7 bats
  11 giant cockroaches
  16 goblins
  8 hobgoblins
  19 jackals
  12 kobolds
  6 quokkas
  4 frilled lizards
  A jackal skeleton (D:4)
  A leopard gecko skeleton (D:4)
  A quokka skeleton (D:6)
  12 rats
  A fungus (D:8)
193 creatures vanquished.

Vanquished Creatures (collateral kills)
  The ghost of aliadon the Basher, a novice OgBe of Trog (D:8)
  A big kobold (D:8)
  An orc (D:9)
  5 kobolds (D:8)
8 creatures vanquished.

Grand Total: 201 creatures vanquished

Notes
Turn   | Place    | Note
-------+----------+-------------------------------------------
     0 | D:1      | overlord24 the Demonspawn Berserker began the quest for the Orb.
     0 | D:1      | Reached XP level 1. HP: 18/18 MP: 1/1
   182 | D:1      | Reached skill level 3 in Unarmed Combat
   182 | D:1      | Gained mutation: You are immune to rotting. [demonic ancestry]
   182 | D:1      | Reached XP level 2. HP: 24/24 MP: 2/2
  1237 | D:2      | Gained mutation: You have a pair of small horns on your head. [demonic ancestry]
  1237 | D:2      | Reached XP level 3. HP: 8/29 MP: 3/3
  1247 | D:2      | Reached ** piety under Trog
  2113 | D:2      | Noticed Robin
  2160 | D:2      | Gained mutation: You are partially covered in molten scales. (AC +2) [demonic ancestry]
  2160 | D:2      | Reached XP level 4. HP: 36/36 MP: 4/4
  2171 | D:2      | Killed Robin
  2540 | D:3      | Reached *** piety under Trog
  2540 | D:3      | Reached skill level 4 in Unarmed Combat
  2709 | D:3      | Noticed Grinder
  2735 | D:3      | Killed Grinder
  2735 | D:3      | Reached skill level 1 in Polearms
  2735 | D:3      | Reached XP level 5. HP: 28/42 MP: 5/5
  2735 | D:3      | Gained mutation: You have a pair of horns on your head. [demonic ancestry]
  2735 | D:3      | Reached XP level 6. HP: 32/48 MP: 6/6
  3594 | D:4      | Reached **** piety under Trog
  3594 | D:4      | Gained mutation: When hurt, damage is shared between your health and your magic reserves. [demonic ancestry]
  3594 | D:4      | Reached XP level 7. HP: 54/54 MP: 7/7
  3762 | D:4      | Noticed Delanovic's ghost (amateur DsGl)
  4312 | D:4      | Killed Delanovic's ghost
  4755 | D:5      | Entered Level 5 of the Dungeon
  4779 | D:5      | Reached skill level 1 in Stealth
  4904 | D:5      | Reached skill level 5 in Fighting
  4904 | D:5      | Reached skill level 5 in Unarmed Combat
  4995 | D:5      | Found a radiant altar of Vehumet.
  5129 | D:5      | Reached XP level 8. HP: 59/62 MP: 6/8
  5555 | D:6      | Found a staircase to the Ecumenical Temple.
  5573 | Temple   | Entered the Ecumenical Temple
  5623 | D:6      | Found a runed door.
  5624 | D:6      | Found a white marble altar of Elyvilon.
  5624 | D:6      | Noticed an angel
  5630 | D:6      | Found the +9 staff of Olgreb {rPois}
  5786 | D:6      | Reached skill level 6 in Unarmed Combat
  6267 | D:7      | Reached skill level 7 in Unarmed Combat
  7164 | D:8      | Reached skill level 5 in Dodging
  7260 | D:8      | Gained mutation: You are mostly covered in molten scales. (AC +3) [demonic ancestry]
  7260 | D:8      | Reached XP level 9. HP: 44/68 MP: 4/9
  7278 | D:8      | Reached skill level 1 in Short Blades
  7293 | D:8      | Reached skill level 8 in Unarmed Combat
  7381 | D:8      | Reached ***** piety under Trog
  7733 | D:8      | Found a white marble altar of Elyvilon.
  7815 | D:8      | Noticed aliadon's ghost (novice OgBe)
  7833 | D:8      | Killed aliadon's ghost
  8451 | D:9      | Noticed Psyche
  8461 | D:9      | Noticed Maurice
  8468 | D:9      | Killed Psyche
  8477 | D:9      | Killed Maurice
  8477 | D:9      | Shot with an arrow by a centaur

Skill      XL: |  1  2  3  4  5  6  7  8  9 |
---------------+----------------------------+-----
Unarmed Combat | 3 4 5 7 8 |  8.4
Dodging        | 2 3 4 5 6 |  6.3
Polearms       | 1 2 3 |  3.7
Fighting       | 4 5 6 |  6.4
Stealth        | 1 2 |  2.1
Short Blades   | 4 |  4.0
Maces & Flails | |  0.5
Armour         | |  1.8

Action                   |  1- 3 |  4- 6 |  7- 9 || total
-------------------------+-------+-------+-------++-------
Melee: Unarmed           |   140 |    12 |   177 ||   329
       Punch             |     3 |     5 |     9 ||    17
       Headbutt          |    15 |    47 |    79 ||   141
       Spear             |       |   232 |    24 ||   256
       Short sword       |       |       |   198 ||   198
       Mace              |       |       |     1 ||     1
Invok: Berserk           |     5 |     5 |    11 ||    21
       Trog's Hand       |       |     1 |     4 ||     5
       Brothers in Arms  |       |       |     2 ||     2
  Use: Scroll            |       |     2 |     4 ||     6
 Stab: Sleeping          |     1 |       |     2 ||     3
  Eat: Chunk             |     8 |     6 |    19 ||    33
       Ration            |       |     1 |     3 ||     4
Armor: Animal skin       |    35 |    49 |    40 ||   124
       Leather armour    |       |       |    65 ||    65
Dodge: Dodged            |   102 |   156 |   352 ||   610
